 Dungeon Crawl Stone Soup version 0.29.1-15-g9cfb28693d (webtiles) character file.

Game seed: 9821401839945655921

248 pokedragonboy the Changer (level 6, 0/51 HPs)
             Began as a Naga Transmuter on Mar 10, 2023.
             Killed from afar by Ijyb (16 damage)
             ... with a bolt of dispelling energy
             ... on level 4 of the Dungeon.
             The game lasted 00:08:27 (3828 turns).

pokedragonboy the Changer (Naga Transmuter)         Turns: 3828, Time: 00:08:28

Health: 0/51       AC: 13    Str: 12    XL:     6   Next: 12%
Magic:  10/10      EV:  9    Int: 16    God:
Gold:   182        SH:  0    Dex: 11    Spells: 5/11 levels left

rFire   . . .      SeeInvis +   f - +1 dagger
rCold   + . .      Faith    .   j - orb {light}
rNeg    . . .      Spirit   .   e - +2 robe {Will+}
rPois   +          Reflect  .   (no helmet)
rElec   .          Harm     .   l - +2 cloak {Stlth+}
rCorr   .          Rampage  .   q - +0 pair of gloves
Will    +....                   (no barding)
Stlth   ++........              (no amulet)
HPRegen 0.17/turn               r - ring of protection from cold
MPRegen 0.12/turn               a - +4 ring of protection

@: glowing, very slow
A: AC +2, large, see invisible, deformed body, poison resistance, slowness 2,
spit poison 1, naga tail 1
a: Spit Poison


You were on level 4 of the Dungeon.
You visited 1 branch of the dungeon, and saw 4 of its levels.

You collected 182 gold pieces.

Inventory:

Hand Weapons
 f - a +1 dagger (weapon)
 o - a +0 war axe
Missiles
 g - 4 curare-tipped darts
 m - 2 throwing nets
Armour
 e - a +2 robe of willpower (worn)
 j - an orb of light (worn)
 l - a +2 cloak of stealth (worn)
 q - a +0 pair of gloves (worn)
 s - the +1 ring mail of the Beggar {rN++ Str+5 Dex-4}
   (You found it on level 3 of the Dungeon)

   Str:       It affects your strength (+5).
   Dex:       It affects your dexterity (-4).
   rN:        It greatly protects you from negative energy.
Jewellery
 a - a +4 ring of protection (right hand)
 r - a ring of protection from cold (left hand)
Scrolls
 c - 2 scrolls of enchant weapon
 d - 2 scrolls of identify
 h - a scroll of magic mapping {unknown}
 i - a scroll of amnesia {unknown}
 t - a scroll of enchant armour {unknown}
Potions
 b - 2 potions of curing
 k - 2 potions of might {unknown}
 n - a potion of attraction {unknown}


   Skills:
 - Level 1.0 Fighting
 - Level 1.5 Dodging
 + Level 3.5 Stealth
 - Level 3.1 Unarmed Combat
 + Level 3.0 Spellcasting
 * Level 4.2 Transmutations
 + Level 3.2 Poison Magic


You had 5 spell levels left.
You knew the following spells:

 Your Spells              Type           Power      Damage    Failure   Level
a - Beastly Appendage     Tmut           30%        N/A       3%          1
b - Wereblood             Tmut           15%        N/A       4%          2
c - Spider Form           Tmut/Pois      14%        N/A       12%         3

Your spell library contained the following spells:

 Spells                   Type           Power      Damage    Failure   Level
 Ignite Poison            Fire/Tmut/Pois 10%        N/A       21%         3
 Conjure Flame            Conj/Fire      2%         6-21      50%         3
 Summon Guardian Golem    Hex/Summ       2%         N/A       50%         3
 Ice Form                 Ice/Tmut       9%         N/A       61%         4
 Sticky Flame             Conj/Fire      2%         2d3       88%         4
 Orb of Destruction       Conj           1%         9d5       100%        7
 Spellforged Servitor     Conj/Summ      1%         N/A       100%        7


Dungeon Overview and Level Annotations

Branches:
Dungeon (4/15)
 Temple: D:4-7

Altars:

Shops:
D:2 [

Annotations:
D:4 Ijyb


Innate Abilities, Weirdness & Mutations

Your serpentine skin is tough. (AC +2)
You have supernaturally acute eyesight. (SInv)
Armour fits poorly on your strangely shaped body.
Your system is resistant to poisons. (rPois)
You cover ground very slowly.
You can spit poison.
You have a snake-like lower body.


Message History

Ijyb is moderately wounded.
Ijyb hits you with a +1 spectral club.
You closely miss Ijyb.
Ijyb is moderately wounded.
Ijyb hits you but does no damage.
Aiming: Spit Poison (1% risk of failure)
Press: ? - help, Shift-Dir - straight line, f - Ijyb
Aim: Ijyb, wielding a +1 spectral club, wearing a +0 leather armour and carrying a wand of quicksilver (12) (moderately wounded, haloed, 70% to hit)
The splash of poison hits Ijyb!
Ijyb is heavily wounded.
Ijyb closely misses you.
Casting: Beastly Appendage (safe; 3% risk of failure)
Confirm with . or Enter, or press ? or * to list all spells.
You grow a pair of large bovine horns.
Ijyb hits you but does no damage.
You hit Ijyb. You headbutt Ijyb.
Ijyb is almost dead.
Ijyb zaps a wand.
The bolt of dispelling energy hits you!
Your magical effects are unravelling.
You hit Ijyb.
Ijyb is almost dead.
Your horns disappear.
Ijyb hits you but does no damage.
You barely miss Ijyb.
Ijyb is almost dead.
Ijyb hits you but does no damage.
You barely miss Ijyb.
Ijyb is almost dead.
You have got your breath back.
Ijyb hits you with a +1 spectral club.
* * * LOW HITPOINT WARNING * * *
You hit Ijyb but do no damage.
Ijyb is almost dead.
Ijyb closely misses you.
You hit Ijyb but do no damage.
Ijyb is almost dead.
Ijyb hits you but does no damage.
You hit Ijyb but do no damage.
Ijyb is almost dead.
Ijyb zaps a wand.
The bolt of dispelling energy hits you!
You die...

### ..# #.#
#.#
#.###.#######
#...g†....>..
#@# #.######
#......#
######.# #.#
#.# #.# #.#
##.##


You could see Ijyb.

Vanquished Creatures
  An ogre (D:4)
  A hound (D:4)
  An iguana (D:3)
  An orc wizard (D:3)
  2 adders
  A dart slug (D:4)
  3 orcs (D:3)
  6 ball pythons
  5 endoplasms
  2 giant cockroaches (D:1)
  5 goblins
  8 hobgoblins
  4 jackals (D:1)
  5 quokkas
  3 bats
  6 kobolds
  6 rats
60 creatures vanquished.

Notes
Turn   | Place    | Note
-------+----------+-------------------------------------------
     0 | D:1      | pokedragonboy the Naga Transmuter began the quest for the
                  | Orb.
     0 | D:1      | Reached XP level 1. HP: 18/18 MP: 3/3
   426 | D:1      | Reached XP level 2. HP: 17/25 MP: 3/5
   683 | D:1      | Reached skill level 1 in Poison Magic
  1260 | D:1      | Reached skill level 1 in Stealth
  1294 | D:1      | Reached XP level 3. HP: 31/31 MP: 4/6
  1569 | D:1      | Found a faded altar of an unknown god.
  2196 | D:2      | Found Cimao's Armour Shoppe.
  2200 | D:2      | Learned a level 2 spell: Wereblood
  2204 | D:2      | Learned a level 3 spell: Spider Form
  2586 | D:3      | Reached skill level 3 in Transmutations
  2827 | D:3      | Reached XP level 4. HP: 37/38 MP: 7/7
  2882 | D:3      | Identified the +1 ring mail of the Beggar {rN++ Str+5
                  | Dex-4}
  3164 | D:4      | Reached XP level 5. HP: 40/44 MP: 6/9
  3276 | D:4      | Noticed an ogre
  3663 | D:4      | Killed an ogre
  3664 | D:4      | Reached skill level 4 in Transmutations
  3664 | D:4      | Reached XP level 6. HP: 51/51 MP: 7/10
  3803 | D:4      | Noticed Ijyb
  3828 | D:4      | Killed from afar by Ijyb

Illustrated notes

Levels and vault maps discovered:
D:1:      spicycebolla_arrival_xxxplode, layout_loops_ring,
          hellmonk_ecumenical_altar_inner_sanctum
D:2:      layout_loops_ring, serial_shops, shop_coins
D:3:      layout_basic
D:4:      layout_loops_ring, grunt_dithmenos_smoke_and_mirrors, serial_shops,
          nicolae_shop_behind_doors, kennysheep_small_square,
          uniq_blork_the_orc, uniq_ijyb

Skill      XL: |  1  2  3  4  5 |
---------------+----------------+-----
Poison Magic   | 1 2 3 |  3.2
Stealth        | 1 2 3 |  3.5
Transmutations | 3 4 |  4.2
Spellcasting   | 3 |  3.0
Fighting       | |  1.0
Dodging        | |  1.5
Unarmed Combat | |  3.1

Action                   |  1- 3 |  4- 6 || total
-------------------------+-------+-------++-------
Melee: Unarmed           |    21 |     2 ||    23
       Dagger            |   131 |   100 ||   231
       Headbutt          |     9 |    16 ||    25
 Cast: Beastly Appendage |    19 |    10 ||    29
       Wereblood         |       |     1 ||     1
       Spider Form       |       |     1 ||     1
 Abil: Spit Poison       |     3 |     6 ||     9
  Use: Potion            |     1 |     2 ||     3
       Scroll            |       |     3 ||     3
 Stab: Sleeping          |     3 |     2 ||     5
Armor: Skin              |     6 |       ||     6
       Robe              |    58 |    60 ||   118
Dodge: Dodged            |    88 |    45 ||   133
